 Dungeon Crawl Stone Soup version 0.30-a0-1035-g38d5fb2972 (webtiles) character file.

Game seed: 9719800628599398079

408 bmack86 the Chopper (level 6, -4/56 HPs)
             Began as a Minotaur Fighter on Apr 8, 2023.
             Killed from afar by Dowan (11 damage)
             ... with a stone arrow
             ... on level 4 of the Dungeon.
             The game lasted 00:09:57 (3004 turns).

bmack86 the Chopper (Minotaur Fighter)              Turns: 3004, Time: 00:09:58

Health: -4/56      AC:  8    Str: 23    XL:     6   Next: 57%
Magic:  5/5        EV:  9    Int:  5    God:
Gold:   197        SH:  4    Dex:  9    Spells: 5/5 levels left

rFire   . . .      SeeInvis .    a - +1 war axe
rCold   . . .      Faith    .    c - +0 buckler
rNeg    . . .      Spirit   .    b - +0 scale mail
rPois   .          Reflect  .    (helmet restricted)
rElec   .          Rampage  .    (no cloak)
rCorr   .                        x - +0 pair of gloves
Will    .....                    (no boots) Stlth
                                 h - amulet of the acrobat
HPRegen 0.29/turn                (no ring)
MPRegen 0.09/turn                (no ring)

@: mighty
A: horns 2, retaliatory headbutt
a: no special abilities


You were on level 4 of the Dungeon.
You visited 1 branch of the dungeon, and saw 4 of its levels.

You collected 197 gold pieces.

Inventory:

Hand Weapons
 a - a +1 war axe (weapon)
 l - a +0 war axe
Missiles
 j - 5 poisoned darts (quivered)
Armour
 b - a +0 scale mail (worn)
 c - a +0 buckler (worn)
 p - a scarf of shadows
 x - a +0 pair of gloves (worn)
Jewellery
 g - an amulet of magic regeneration
 h - an amulet of the acrobat (around neck)
 n - a ring of fire
Wands
 t - a wand of mindburst (7)
 y - a wand of iceblast (13)
Scrolls
 f - 3 scrolls of enchant weapon
 q - a scroll of immolation
 u - a scroll of fog {unknown}
 v - a scroll of teleportation
Potions
 e - a potion of mutation {unknown}
 i - 3 potions of curing
 k - a potion of attraction {unknown}
 m - a potion of berserk rage {unknown}
 o - a potion of magic {unknown}
 s - 4 potions of haste {unknown}
 w - 2 potions of brilliance
 z - a potion of invisibility


   Skills:
 + Level 5.1 Fighting
 * Level 5.7 Axes
 + Level 5.2 Armour
 + Level 5.1 Shields


You had 5 spell levels left.
You didn't know any spells.
Your spell library contained the following spells:

 Spells                   Type           Power      Damage    Failure   Level
 Static Discharge         Conj/Air       0%         2-2/arc   94%         2
 Airstrike                Air            0%         2d(0-16)  100%        4
 Summon Lightning Spire   Summ/Air       0%         N/A       100%        4


Dungeon Overview and Level Annotations

Branches:
Dungeon (4/15)
 Temple: D:4-7

Altars:

Shops:
D:2 [   D:4 (

Annotations:
D:4 Dowan


Innate Abilities, Weirdness & Mutations

You have a pair of horns on your head.
You reflexively headbutt those who attack you in melee.


Message History

You hear a distant wail of despair.
Your Fighting skill increases to level 5!
Your Shields skill increases to level 5!
Dowan seems to find hidden reserves of power!
Things that are here:
a +0 vampiric rapier; a +0 leather armour Dowan gestures wildly while chanting.
Dowan blinks!
Dowan completely misses you.
You miss Dowan. Your headbutt misses Dowan. Dowan hits you with a +0 dagger.
Dowan casts a spell at you. The stone arrow misses you.
You closely miss Dowan. Dowan hits you but does no damage. x2
You closely miss Dowan. Dowan hits you but does no damage.
Dowan shakes with grief.
You block Dowan's attack.
You barely miss Dowan. Dowan gestures at you while chanting.
The stone arrow hits you. Dowan hits you with a +0 dagger.
Unknown command.
You slash Dowan!
Dowan is severely wounded.
Dowan hits you with a +0 dagger. x2
You barely miss Dowan.
Dowan is severely wounded.
Dowan casts a spell at you. The shard of ice hits you!
* * * LOW HITPOINT WARNING * * *
Dowan casts a spell at you. The shard of ice misses you.
You closely miss Dowan. Your headbutt misses Dowan.
Dowan is severely wounded.
Dowan hits you with a +0 dagger.
* * * LOW HITPOINT WARNING * * *
Dowan hits you but does no damage.
You closely miss Dowan.
Dowan is severely wounded.
Dowan casts a spell at you. The stone arrow hits you!
You die...

*,,,,,,,,,,,,,,,,*,,,* *
*,,#,*#..#************ *
*,>*.,#..# *
*,,*#.#..####****** *
*,,**.#..#..,,,,,,* *
*,,,,....#<##****,* **
*****.......# *,**** *, ##
#########.#e##.# *,,,,* **
.#####.......#.#@##.####******
*, .......#####.#.#.)...(.# *,
.####### #.#.####.##.# *****
*, ..# #.#.####.#*,* *,,,****
#.# #.#......#*,***,***,*, ..#
#..#######,,,**,***,*, #######
##.# *,,,**,**,,,, ......# #.#
*,,,,,,,,,,,, ......# #.#
***##,,,**,**,,,,


You could see Dowan (fast).

Vanquished Creatures
  Duvessa (D:4)
  A scorpion (D:4)
  2 orc priests (D:3)
  An iguana (D:3)
  2 orc wizards (D:3)
  An adder (D:2)
  An ufetubus (D:4)
  2 worms
  A dart slug (D:1)
  10 orcs (D:3)
  3 ball pythons
  3 bats
  9 endoplasms
  3 giant cockroaches
  10 goblins
  8 hobgoblins
  8 jackals
  7 kobolds
  2 quokkas
  4 frilled lizards
  2 rats
81 creatures vanquished.

Notes
Turn   | Place    | Note
-------+----------+-------------------------------------------
     0 | D:1      | bmack86 the Minotaur Fighter began the quest for the Orb.
     0 | D:1      | Reached XP level 1. HP: 19/19 MP: 0/0
   195 | D:1      | Reached XP level 2. HP: 26/27 MP: 1/1
   275 | D:1      | Found a faded altar of an unknown god.
   399 | D:1      | Reached XP level 3. HP: 33/33 MP: 2/2
  1482 | D:2      | Found Isuxakon's Armour Shop.
  1541 | D:2      | Reached XP level 4. HP: 40/40 MP: 3/3
  2024 | D:3      | HP: 2/40 [iguana (8)]
  2059 | D:3      | Reached XP level 5. HP: 6/47 MP: 4/4
  2593 | D:3      | Reached skill level 5 in Axes
  2789 | D:4      | Reached skill level 5 in Armour
  2789 | D:4      | Reached XP level 6. HP: 49/55 MP: 5/5
  2791 | D:4      | Found Mumypiro's Weapon Emporium.
  2988 | D:4      | Noticed Dowan
  2988 | D:4      | Noticed Duvessa
  2993 | D:4      | Killed Duvessa
  2994 | D:4      | Reached skill level 5 in Fighting
  2994 | D:4      | Reached skill level 5 in Shields
  3004 | D:4      | Killed from afar by Dowan

Illustrated notes

Levels and vault maps discovered:
D:1:      nagdon_arrival_double_spiral, layout_loops_ring,
          shapermc_ecumenical_altar_starsandcircs, minmay_misc_feat_roman,
          minivault_19
D:2:      layout_basic, serial_shops, shop
D:3:      layout_basic, minmay_misc_feat_tower
D:4:      layout_loops_cross, serial_shops, nicolae_shop_hallway_plus,
          uniq_duvessa, uniq_crazy_yiuf_cottage

Skill      XL: |  1  2  3  4  5  6 |
---------------+-------------------+-----
Axes           | 3 4 5 |  5.7
Armour         | 4 5 |  5.2
Fighting       | 4 5 |  5.1
Shields        | 4 5 |  5.1

Action                     |  1- 3 |  4- 6 || total
---------------------------+-------+-------++-------
  Melee: War axe           |    89 |    85 ||   174
         Headbutt          |    11 |     6 ||    17
    Use: Potion            |       |     2 ||     2
         Scroll            |       |     5 ||     5
 Armour: Scale mail        |    38 |    33 ||    71
  Dodge: Dodged            |    52 |    66 ||   118
  Block: Buckler           |    21 |    15 ||    36

Table legend: (Time is in decaauts)
 A = Elapsed time spent in this place.
 B = Non-inter-level travel time spent in this place.
 C = Inter-level travel time spent in this place.
 D = Time resting spent in this place.
 E = Time spent auto-exploring this place.
 F = Levels seen in this place.
 G = Mean time per level.
                   A        B        C        D        E       F      G
               +--------+--------+--------+--------+--------+-----+--------+
         Total |   3065 |   2986 |     79 |      5 |   2146 |   4 |  766.2 |
       Dungeon |   3065 |   2986 |     79 |      5 |   2146 |   4 |  766.2 |
               +--------+--------+--------+--------+--------+-----+--------+

Top non-repeatable levels by time:
     D:3: 1028 daAuts
     D:2: 967 daAuts
     D:1: 825 daAuts
     D:4: 243 daAuts
